 Dungeon Crawl Stone Soup version 0.13.0-25-g43d4df3 (webtiles) character file.

619 Malachi the Chucker (level 6, -1/58 HPs)
             Began as a Troll Hunter on Oct 27, 2013.
             Killed from afar by an orc wizard (8 damage)
             ... with a magic dart
             ... on Level 5 of the Dungeon.
             The game lasted 00:04:52 (3006 turns).

Malachi the Chucker (Troll Hunter)                  Turns: 3006, Time: 00:04:52

HP  -1/58        AC  5     Str 23      XL: 6   Next: 56%
MP   2/2         EV 10     Int  7      God:
Gold 213         SH  0     Dex 10      Spells:  0 memorised,  5 levels left

Res.Fire  : . . .   See Invis. : .     - Unarmed
Res.Cold  : . . .   Warding    : .   d - +0 animal skin
Life Prot.: . . .   Conserve   : .   (shield restricted)
Res.Poison: .       Res.Corr.  : .   (helmet restricted)
Res.Elec. : .       Clarity    : .   (no cloak)
Sust.Abil.: . .     Spirit.Shd : .   (gloves unavailable)
Res.Mut.  : .       Stasis     : .   (boots unavailable)
Res.Rott. : .       Flight     : .   (no amulet)
Gourmand  : +                        (no ring)
                                     (no ring)

@: confused, slightly resistant to hostile enchantments, very unstealthy
A: unfitting armour, claws 3, fast metabolism 3, gourmand, regeneration 2,
saprovore 2, tough skin 2, AC +1
a: no special abilities


You were on level 5 of the Dungeon.
You were full.

You visited 1 branch of the dungeon, and saw 5 of its levels.

You collected 193 gold pieces.

Inventory:

Missiles
 b - 4 large rocks (quivered)
 c - 2 throwing nets
Armour
 d - a +0 animal skin (worn)
Magical devices
 m - a wand of polymorph (8) {unknown}
 y - a wand of polymorph (19) {unknown}
Comestibles
 a - 5 meat rations
 f - 3 bread rations
 A - a pear
Scrolls
 e - 5 scrolls of remove curse {unknown}
 g - a scroll of random uselessness {unknown}
 j - 6 scrolls of identify
 k - a scroll of curse jewellery {unknown}
 o - a scroll of magic mapping {unknown}
 q - a scroll of blinking {unknown}
 s - a scroll of fear {unknown}
 v - a scroll of noise {unknown}
 w - a scroll of curse weapon {unknown}
 x - a scroll of teleportation {unknown}
Potions
 h - 2 potions of curing {unknown}
 i - a potion of speed {unknown}
 l - a potion of resistance {unknown}
 n - a potion of confusion {unknown}
 p - 2 potions of magic {unknown}
 r - a potion of heal wounds {unknown}
 t - a potion of brilliance {unknown}
 u - a potion of might {unknown}
 z - a potion of agility {unknown}


   Skills:
 + Level 2.3 Fighting
 + Level 4.3 Throwing
 + Level 3.6 Dodging
 + Level 0.5 Stealth
 * Level 4.2 Unarmed Combat


You had 5 spell levels left.
You didn't know any spells.

Dungeon Overview and Level Annotations

Branches:
Dungeon (5/27)
 Temple: D:4-7

Altars:
Ashenzari
Okawaru

Shops:
D:4 *


Innate Abilities, Weirdness & Mutations

You are too large for most types of armour.
You have claws for hands.
Your metabolism is lightning-fast.
You like to eat raw meat.
You heal very quickly.
You can eat rotten meat.
You are covered in fur (AC +1).
You have very tough skin (AC +2).


Message History

You hear some strange, mumbled words.
The puff of flame hits you!
* * * LOW HITPOINT WARNING * * *
It hits you but does no damage. The bat hits you.
* * * LOW HITPOINT WARNING * * *
It hits you but does no damage.
The magic dart hits something.
Reactivating autopickup.
You feel a bit more experienced.
You barely miss the bat. The bat closely misses you.
The bat hits you but does no damage. The bat misses you.
It picks up an orcish dagger.
The bat hits you but does no damage.
Deactivating autopickup; reactivate with Ctrl-A.
You claw it! The bat hits you but does no damage. The bat closely misses you.
It hits you but does no damage. The bat barely misses you. The bat hits you.
* * * LOW HITPOINT WARNING * * *
The magic dart hits you!
You die...

########
#......#
#......#
#..b...#######
#@..[.........
##.).#########
#...# ###$##
### #<..#
##... #...#
#... #...# #..
##%####.## #.#
#...# ..


You could see a bat.

Vanquished Creatures
  A hound (D:4)
  2 worker ants (D:4)
  2 orc wizards
  Ijyb (D:4)
  The ghost of shugdite the Shield-Bearer, a weakling MiFi (D:4)
  A gnoll (D:3)
  A worm zombie (D:4)
  9 adders
  4 worms
  A giant gecko (D:2)
  4 oozes
  5 orcs
  A bat skeleton (D:4)
  4 goblins
  16 hobgoblins
  15 kobolds
  11 bats
  4 giant cockroaches
  5 giant newts
  2 hobgoblin skeletons (D:4)
  8 jackals
  8 rats
106 creatures vanquished.

Vanquished Creatures (others)
  An orc wizard (D:5)
  5 toadstools (D:1)
6 creatures vanquished.

Grand Total: 112 creatures vanquished

Notes
Turn   | Place    | Note
--------------------------------------------------------------
     0 | D:1      | Malachi, the Troll Hunter, began the quest for the Orb.
     0 | D:1      | Reached XP level 1. HP: 20/20 MP: 0/0
   100 | D:1      | Reached XP level 2. HP: 28/28 MP: 0/0
   206 | D:1      | Reached skill level 4 in Throwing
   531 | D:2      | Reached XP level 3. HP: 17/35 MP: 1/1
  1354 | D:2      | Reached XP level 4. HP: 39/42 MP: 1/1
  1774 | D:3      | Reached XP level 5. HP: 42/50 MP: 1/1
  2096 | D:3      | Found an iron altar of Okawaru.
  2229 | D:4      | Found Kaocruc's Assorted Antiques.
  2229 | D:4      | Noticed Ijyb
  2238 | D:4      | Killed Ijyb
  2323 | D:4      | Noticed shugdite's ghost (weakling MiFi)
  2333 | D:4      | Killed shugdite's ghost
  2372 | D:4      | Found a shattered altar of Ashenzari.
  2437 | D:4      | Reached XP level 6. HP: 58/58 MP: 2/2
  2936 | D:5      | Entered Level 5 of the Dungeon
  3006 | D:5      | Killed from afar by an orc wizard

Action                   |  1- 3 |  4- 6 || total
-------------------------+-------+-------++-------
Melee: Unarmed           |   121 |   227 ||   348
Throw: Large rock        |       |     5 ||     5
  Use: Scroll            |       |     1 ||     1
